 Dungeon Crawl Stone Soup version 0.32-a0-791-gfc315c9ecd (webtiles) character file.

Game seed: 13401438643625564721

580 ezpacito the Trooper (level 7, -2/82 HPs)
             Began as a Coglin Chaos Knight on Mar 21, 2024.
             Was a Plaything of Xom.
             Succumbed to a water moccasin's poison
             ... on level 6 of the Dungeon.
             The game lasted 00:03:56 (3746 turns).

ezpacito the Trooper (Coglin Chaos Knight)          Turns: 3746, Time: 00:03:57

Health: -2/82      AC: 23    Str: 14    XL:     7   Next: 36%
Magic:  9/9        EV:  2    Int: 12    God:    Xom [.....*]
Gold:   101        SH:  0    Dex: 13    Spells: 3/8 levels left

rFire   . . .        a - +0 hand axe (chaos) {Fikile}
rCold   . . .        y - +0 trident {Consuela}
rNeg    . . .        n - melded +0 scale mail
rPois   +            (helmet currently unavailable)
rElec   .            h - melded +0 cloak
rCorr   .            (gloves currently unavailable)
SInv    .            (boots currently unavailable)
Will    .....        (no amulet)
Stlth   ++           (no ring)
HPRegen 0.33/turn    (no ring)
MPRegen 0.11/turn    (no gizmo)

%: clarity
@: lethally poisoned (-2 -> -21), tree-form
A: stationary, stasis, torment immunity, boosted hp, off-hand wielding, slow
wielding, warmup strikes, (no jewellery), clarity, subdued magic 1, MP-powered
wands, (sturdy frame 1)
a: Invent Gizmo, Renounce Religion


You were on level 6 of the Dungeon.
You worshipped Xom.
You were Xom's teddy bear.
You were a tree.
You visited 1 branch of the dungeon, and saw 6 of its levels.

You collected 290 gold pieces.
You spent 189 gold pieces at shops.

Inventory:

Hand Weapons
 a - a +0 hand axe of chaos (weapon) {Fikile}
 o - a +0 war axe
 y - a +0 trident (offhand) {Consuela}
Missiles
 p - 6 atropa-tipped darts (quivered)
 s - 7 poisoned darts
 x - 3 javelins
Armour
 h - a +0 cloak (melded)
 n - a +0 scale mail (melded)
Magical Staves
 d - a staff of cold
Talismans
 e - a beast talisman
Scrolls
 c - a scroll of torment {unknown}
 f - a scroll of vulnerability {unknown}
 g - a scroll of fear
 i - a scroll of silence {unknown}
 k - 2 scrolls of immolation
 m - a scroll of noise {unknown}
 r - 2 scrolls of enchant weapon {unknown}
 t - 3 scrolls of teleportation
 u - a scroll of poison {unknown}
 v - a scroll of revelation
 w - a scroll of enchant armour {unknown}
Potions
 j - 3 potions of mutation


   Skills:
 * Level 4.3 Fighting
 * Level 4.1(4.4) Axes
 + Level 1.9(3.1) Polearms
 * Level 3.2 Armour
 * Level 2.8 Dodging
 + Level 1.5 Stealth
 + Level 1.4 Spellcasting
 + Level 1.3 Alchemy
 + Level 1.5 Evocations


You had 3 spell levels left.
You knew the following spells:

 Your Spells              Type           Power      Damage    Failure   Level
a - Alistair's Intoxicat  Alch           2%         N/A       99%         5

Your spell library contained the following spells:

 Spells                   Type           Power      Damage    Failure   Level
 Sublimation of Blood     Necr           0%         N/A       36%         2
 Call Canine Familiar     Summ           0%         N/A       61%         3
 Passwall                 Erth           0%         N/A       61%         3
 Sigil of Binding         Hex            0%         N/A       61%         3
 Volatile Blastmotes      Fire/Tloc      0%         2d10      61%         3
 Petrify                  Alch/Erth      1%         N/A       89%         4
 Dimensional Bullseye     Hex/Tloc       0%         N/A       95%         4
 Irradiate                Conj/Alch      0%         3d11      99%         5
 Borgnjor's Vile Clutch   Necr/Erth      0%         N/A       100%        5
 Bombard                  Conj/Erth      0%         9d1       100%        6
 Eringya's Noxious Bog    Alch           1%         4d6       100%        6


Dungeon Overview and Level Annotations

Branches:
Dungeon (6/15)
 Temple: D:4-7

Altars:

Shops:
D:4 ?


Innate Abilities, Weirdness & Mutations

You are a tree.
Your roots penetrate the ground, keeping you stationary.
You cannot be teleported.
You are immune to unholy pain and torment.
Your maximum health is greatly increased.
Your equipment is partially melded.
You can wield a second weapon in your off-hand.
It takes a long time for you to wield or remove held weapons.
Your first few attacks do less damage.
((You cannot equip rings or amulets.))
You possess an exceptional clarity of mind.
Your spells are a little easier to cast, but a little less powerful.
You expend magic power (3 MP) to strengthen your wands.
((Your movements are slightly less encumbered by armour. (ER -2)))


Message History

The water moccasin attacks as it pursues you!
The water moccasin bites you.
You are poisoned.
The water moccasin poisons you!
You take 3 damage, and have 35/55 hp.
You feel very sick.
The water moccasin attacks as it pursues you!
The water moccasin bites you but does no damage.
You take 3 damage, and have 32/55 hp.
You feel sick. The water moccasin bites you.
You are more poisoned.
The water moccasin poisons you!
You take 7 damage, and have 25/55 hp.
You feel very sick.
The water moccasin attacks as it pursues you!
The water moccasin barely misses you.
You take 5 damage, and have 20/55 hp.
An orc comes into view. It is wielding a +0 dagger.
* * * LOW HITPOINT WARNING * * *
You feel very sick.
The water moccasin attacks as it pursues you!
The water moccasin bites you.
* * * LOW HITPOINT WARNING * * *
You are more poisoned.
The water moccasin poisons you! The water moccasin bites you.
* * * LOW HITPOINT WARNING * * *
You take 14 damage, and have 6/55 hp.
MASSIVE DAMAGE!!
Okay, then.
As you read the scroll of fear, it crumbles to dust.
You assume a fearsome visage.
The water moccasin looks frightened!
The orc looks frightened!
* * * LOW HITPOINT WARNING * * *
You feel very sick.
The orc pleads, "Why can't we all just get along?"
You take 5 damage, and have 1/55 hp.
You turn into a tree.
Your +0 cloak melds into your body.
Your +0 scale mail melds into your body.
Your roots penetrate the ground.
You die...
Xom thinks this is hilarious!

# #.##.# ##.#####.##.######
## #................#....
.#.....<#..............
..............#.###...
.#.##.........#.# # #
#.........#.##### .# #
...........#.....####.##.#
...........♣.S........B....
..##..........#.##..........#
. ................##..#.##.#
............#.##.##..#
#########.#........
#............ ###..###.#.###
#o.# .#$# #..# ....


You could see a water moccasin (fleeing) and an orc (fleeing).

Vanquished Creatures
  A crocodile (D:4)
  2 howler monkeys
  A bombardier beetle (D:3)
  3 hounds
  An orc priest (D:5)
  Crazy Yiuf (D:4)
  A sleepcap (D:4)
  2 iguanas (D:4)
  3 gnolls (D:3)
  6 adders
  A white imp (D:6)
  2 ribbon worms
  2 orcs (D:5)
  2 bats
  5 endoplasms
  3 giant cockroaches
  7 goblins
  8 hobgoblins
  4 kobolds
  2 quokkas (D:4)
  6 ball pythons
  2 frilled lizards
  3 rats
68 creatures vanquished.

Notes
Turn   | Place    | Note
-------+----------+-------------------------------------------
     0 | D:1      | ezpacito the Coglin Chaos Knight began the quest for the
                  | Orb.
     0 | D:1      | Reached XP level 1. HP: 18/18 MP: 1/1
    45 | D:1      | Reached skill level 1 in Dodging
    49 | D:1      | Reached XP level 2. HP: 24/24 MP: 2/2
   440 | D:1      | Reached XP level 3. HP: 26/29 MP: 3/3
   704 | D:2      | XOM: silly message
   862 | D:2      | You fall into a shaft and drop 2 floors!
   862 | D:4      | XOM: noise
   901 | D:4      | Reached skill level 1 in Polearms
   901 | D:4      | Reached XP level 4. HP: 32/35 MP: 4/4
   934 | D:4      | an adder changed into a crocodile
   934 | D:4      | Noticed a crocodile
   943 | D:4      | Killed a crocodile
   944 | D:4      | Reached skill level 1 in Stealth
   944 | D:4      | Reached XP level 5. HP: 6/42 MP: 4/6
  1159 | D:4      | Reached skill level 1 in Spellcasting
  1181 | D:3      | Learned a level 5 spell: Alistair's Intoxication
  1189 | D:3      | XOM: potion effect (invisibility)
  1361 | D:2      | XOM: god gift: scroll labelled WODUIBREMO {god gift}
  1684 | D:3      | Reached XP level 6. HP: 42/48 MP: 7/7
  1808 | D:3      | XOM: give mutations
  1808 | D:3      | Gained mutation: Your movements are slightly less
                  | encumbered by armour. (ER -2) [Xom's mischief]
  1808 | D:3      | Gained mutation: You possess an exceptional clarity of
                  | mind. [Xom's mischief]
  1808 | D:3      | Gained mutation: Your spells are a little easier to cast,
                  | but a little less powerful. [Xom's mischief]
  1808 | D:3      | Gained mutation: You expend magic power (3 MP) to
                  | strengthen your wands. [Xom's mischief]
  2115 | D:4      | XOM: enchant monster (bad)
  2147 | D:4      | Found Domitz's Magic Scroll Boutique.
  2154 | D:4      | Bought a scroll of identify for 28 gold pieces
  2154 | D:4      | Bought a scroll of fear for 56 gold pieces
  2154 | D:4      | Bought a scroll of revelation for 105 gold pieces
  2413 | D:4      | Reached skill level 1 in Evocations
  2510 | D:4      | Found a runed translucent door.
  2511 | D:4      | Noticed Crazy Yiuf
  2656 | D:4      | Killed Crazy Yiuf
  2732 | D:5      | Entered Level 5 of the Dungeon
  2749 | D:5      | Reached skill level 1 in Alchemy
  2749 | D:5      | Reached XP level 7. HP: 45/54 MP: 8/8
  2868 | D:5      | XOM: swap monsters
  2946 | D:5      | XOM: 2-stop teleportation journey
  3132 | D:5      | XOM: summons 1 hostile shadow creature
  3293 | D:5      | XOM: summons 2 hostile shadow creatures
  3745 | D:6      | HP: 1/55 [poisoned by a water moccasin]
  3746 | D:6      | Succumbed to a water moccasin's poison

Illustrated notes

Levels and vault maps discovered:
D:1:      minmay_arrival_arboretum_small, layout_basic, dk_noncrumbling_4,
          minivault_23, kennysheep_decorative_pillar
D:2:      layout_basic, palyth_stone_intersect, nrook_mini_vaults,
          amcnicky_mini_corridor_feature
D:3:      layout_rooms, grunt_ministairs_2, grunt_decor_fettered,
          minmay_misc_feat_plants
D:4:      layout_loops_ring, serial_shops, shop, uniq_crazy_yiuf_cottage
D:5:      layout_basic, kennysheep_generic_room_15
D:6:      layout_basic

Skill      XL: |  1  2  3  4  5  6 |
---------------+-------------------+-----
Dodging        | 1 2 |  2.8
Armour         | 2 3 |  3.2
Polearms       | 1 |  1.9
Stealth        | 1 |  1.5
Spellcasting   | 1 |  1.4
Fighting       | 4 |  4.3
Evocations     | 1 |  1.5
Axes           | 4 |  4.1
Alchemy        | 1 |  1.3

Action                     |  1- 3 |  4- 6 |  7- 9 || total
---------------------------+-------+-------+-------++-------
  Melee: Hand axe          |    63 |    95 |    48 ||   206
         Dagger            |    40 |       |       ||    40
         Spear             |    27 |   106 |    30 ||   163
         Trident           |       |       |    22 ||    22
    Use: Scroll            |       |     7 |     2 ||     9
         Potion            |       |     3 |     3 ||     6
   Stab: Sleeping          |     1 |     3 |       ||     4
         Petrified         |       |     7 |       ||     7
         Petrifying        |       |     2 |       ||     2
         Invisible         |       |     2 |       ||     2
         Confused          |       |     1 |       ||     1
         Paralysed         |       |       |     3 ||     3
 Armour: Leather armour    |    41 |    52 |    35 ||   128
         Skin              |       |     5 |       ||     5
         Scale mail        |       |       |    11 ||    11
  Dodge: Dodged            |    32 |    43 |    28 ||   103

Table legend: (Time is in decaauts)
 A = Elapsed time spent in this place.
 B = Non-inter-level travel time spent in this place.
 C = Inter-level travel time spent in this place.
 D = Time resting spent in this place.
 E = Time spent auto-exploring this place.
 F = Levels seen in this place.
 G = Mean time per level.
                   A        B        C        D        E       F      G
               +--------+--------+--------+--------+--------+-----+--------+
         Total |   3742 |   3515 |    227 |    178 |   2708 |   6 |  623.7 |
       Dungeon |   3742 |   3515 |    227 |    178 |   2708 |   6 |  623.7 |
               +--------+--------+--------+--------+--------+-----+--------+

Top non-repeatable levels by time:
     D:4: 1119 daAuts
     D:5: 857 daAuts
     D:1: 605 daAuts
     D:2: 553 daAuts
     D:3: 538 daAuts
     D:6: 68 daAuts
